 Dungeon Crawl Stone Soup version 0.20-a0-910-gb611367 (webtiles) character file.

428 galech the Ruffian (level 6, -4/59 HPs)
             Began as a Troll Monk on Mar 23, 2017.
             Slain by an ogre
             ... wielding a +0 giant club
              (25 damage)
             ... on level 3 of the Dungeon.
             The game lasted 00:04:40 (2288 turns).

galech the Ruffian (Troll Monk)                     Turns: 2288, Time: 00:04:41

Health: -4/59      AC:  6    Str: 22    XL:     6   Next: 65%
Magic:  5/5        EV: 11    Int:  6    God:
Gold:   105        SH:  2    Dex: 12    Spells: 5/5 levels left

rFire    . . .     SeeInvis .     - Unarmed
rCold    . . .     Gourm    +   a - +0 robe
rNeg     . . .     Faith    .   (no shield)
rPois    .         Spirit   .   (helmet restricted)
rElec    .         Reflect  +   r - +0 cloak
rCorr    .         Harm     .   (gloves unavailable)
MR       .....                  (boots unavailable)
Stlth    ++........             n - +2 amulet of reflection
Regen    0.6/turn               (no ring)
MPRegen  0.1/turn               (no ring)

@: lethally poisoned (-4 -> -5)
A: unfitting armour, claws 3, fast metabolism 3, gourmand, regeneration 1,
shaggy fur 1, tough skin 2
a: no special abilities


You were on level 3 of the Dungeon.
You were very full.

You visited 1 branch of the dungeon, and saw 4 of its levels.

You collected 105 gold pieces.

Inventory:

Armour
 a - a +0 robe (worn)
 r - a +0 cloak (worn)
Jewellery
 n - a +2 amulet of reflection (around neck)
Wands
 i - a wand of polymorph (14/24)
 k - a wand of random effects (24/48)
 o - a wand of digging (17/24)
Scrolls
 d - a scroll of enchant armour {unknown}
 g - 3 scrolls of identify
 s - a scroll of remove curse
Potions
 c - 3 potions of curing {unknown}
 e - 2 potions of lignification {unknown}
 h - a potion of mutation {unknown}
 j - 2 potions of might {unknown}
 l - a potion of brilliance
 q - a potion of ambrosia {unknown}
Books
 m - Jessica's Compendium of the Oath
   (You found it on level 3 of the Dungeon)

   Spells                             Type                      Level
   a - Slow                           Hexes                        2
 p - a book of Minor Magic

   Spells                             Type                      Level
   a - Magic Dart                     Conjuration                  1
   b - Blink                          Translocation                2
   c - Call Imp                       Summoning                    2
   d - Slow                           Hexes                        2
   e - Conjure Flame                  Conjuration/Fire             3
   f - Mephitic Cloud                 Conjuration/Poison/Air       3
Comestibles
 b - 2 bread rations
 f - 2 meat rations


   Skills:
 + Level 2.9 Fighting
 + Level 3.7 Dodging
 + Level 1.7 Stealth
 + Level 6.0 Unarmed Combat


You had 5 spell levels left.
You didn't know any spells.

Dungeon Overview and Level Annotations

Branches:
Dungeon (4/15)
 Temple: D:4-7

Altars:

Annotations:
D:4 mopl's ghost, amateur MiHu


Innate Abilities, Weirdness & Mutations

You are too large for most types of armour.
You have claws for hands.
Your metabolism is lightning-fast.
You like to eat raw meat.
Your natural rate of healing is unusually fast.
You are covered in fur. (AC +1)
You have very tough skin. (AC +2)


Message History

You claw the ogre!
The ogre is moderately wounded.
You feel sick. The ogre hits you with a giant club!!
You are too injured to fight recklessly!
You are too injured to fight recklessly!
You are too injured to fight recklessly!
You are too injured to fight recklessly!
You are too injured to fight recklessly!
You are too injured to fight recklessly!
You are too injured to fight recklessly!
You are too injured to fight recklessly!
You are too injured to fight recklessly!
You are too injured to fight recklessly!
You claw the ogre!
The ogre is almost dead.
You feel sick. The ogre closely misses you.
You scratch the ogre but do no damage.
The ogre is almost dead.
The ogre hits you with a giant club!!
You die...

....##.#..........#.####.........
....##.#..........#.# #.........
....##.#.......).##'############.
....##.#........(........# #.
######.#.#+######....<...# ## #
###.#...######...))...#
#.....................#
#...#######.#.........# #...#
#.#@........# #...#
#.#O........########
###...#######.#.........'.......
#.............#.........########
##.#############.###'#####
#.......).#......# #.#
#..#.####.#.###### #.# #..#.#
#.#.# #.# #.# #..######>#.###.#
#.#


You could see an ogre.

Vanquished Creatures
  Sigmund (D:3)
  Crazy Yiuf (D:2)
  A hound (D:4)
  Jessica (D:3)
  3 gnolls
  9 adders
  A worm (D:2)
  3 dart slugs
  3 leopard geckos (D:2)
  2 orcs (D:3)
  5 giant cockroaches
  4 goblins
  4 hobgoblins
  5 jackals
  7 kobolds
  2 quokkas
  6 bats
  5 frilled lizards
  8 rats
71 creatures vanquished.

Notes
Turn   | Place    | Note
-------+----------+-------------------------------------------
     0 | D:1      | galech the Troll Monk began the quest for the Orb.
     0 | D:1      | Reached XP level 1. HP: 22/22 MP: 0/0
    99 | D:1      | Reached XP level 2. HP: 18/29 MP: 1/1
   542 | D:2      | Reached XP level 3. HP: 36/36 MP: 2/2
   571 | D:2      | Reached skill level 4 in Unarmed Combat
   809 | D:2      | Reached XP level 4. HP: 44/44 MP: 3/3
  1229 | D:2      | Found a runed door.
  1233 | D:2      | Noticed Crazy Yiuf
  1236 | D:2      | Killed Crazy Yiuf
  1403 | D:3      | Reached XP level 5. HP: 50/50 MP: 4/4
  1589 | D:3      | Reached skill level 5 in Unarmed Combat
  1621 | D:3      | Noticed Sigmund
  1642 | D:3      | Killed Sigmund
  1642 | D:3      | Reached XP level 6. HP: 35/59 MP: 5/5
  2023 | D:3      | Noticed Jessica
  2028 | D:3      | Killed Jessica
  2038 | D:3      | Identified Jessica's Compendium of the Oath
  2230 | D:4      | Noticed mopl's ghost (amateur MiHu)
  2274 | D:4      | Reached skill level 6 in Unarmed Combat
  2288 | D:3      | Slain by an ogre

Vault maps used:
D:1:      dpeg_arrival_chambers_temple_mockup
D:2:      uniq_crazy_yiuf_cottage
D:3:      kennysheep_jessica_study, uniq_sigmund
D:4:      nicolae_gozag_cash_rules_everything_around_me

Skill      XL: |  1  2  3  4  5  6 |
---------------+-------------------+-----
Unarmed Combat | 4 5 6 |  6.0
Dodging        | 3 |  3.7
Fighting       | |  2.9
Stealth        | |  1.7

Action                   |  1- 3 |  4- 6 || total
-------------------------+-------+-------++-------
Melee: Unarmed           |    78 |   125 ||   203
  Use: Scroll            |       |     2 ||     2
 Stab: Sleeping          |     2 |     1 ||     3
  Eat: Chunk             |    13 |    11 ||    24
Armor: Robe              |    28 |    38 ||    66
Dodge: Dodged            |    41 |    76 ||   117
Block: Other             |       |     7 ||     7
